AoeStats
← thunder bun

Arabia

505939967Analyzed
1v1 RM · 19d ago on Sep 11, 2026· 37m 2s· 2 players
Game mode
Random Map
Map size
Tiny (2 player)
Population
200
Speed
Normal
Resources
Standard
Victory
Conquest
Starting age
Dark Age
Ending age
Imperial Age
RankedLock teamsTeams togetherTeam positionsShared explorationLock speedFull tech treeHidden civsTurbo modeCheats
Victory
Defeat
🇹🇷 Poles · Türkiye
2417
+6
🇹🇼 Berbers · Taiwan
2168
-6
thunder bun
6:03 Loom
8:27 Feudal Age
9:54 Double-Bit Axe
16:09 Fletching
21:36 Castle Age
19:56 Gold Mining
21:02 Bloodlines
21:15 Scale Barding Armor
24:13 Wheelbarrow
24:03 Chain Barding Armor
24:30 Husbandry
29:09 Forging
31:05 Wheelbarrow
zankoku sekai no akuma
5:35 Loom
8:27 Feudal Age
9:26 Double-Bit Axe
9:59 Horse Collar
19:46 Castle Age
18:01 Fletching
18:46 Padded Archer Armor
20:22 Bodkin Arrow
19:55 Crossbowman
23:41 Heavy Plow
26:18 Ballistics
27:48 Husbandry
28:18 Bloodlines
30:12 Wheelbarrow
31:24 Scale Barding Armor
31:30 Forging
31:52 Light Cavalry
36:19 Imperial Age
35:16 Chain Barding Armor
37:40 Bracer
Connection lost

Rejoining the realm…

Still unreachable

The connection could not be restored.

Session expired

The server has moved on; the page needs a fresh start.